 Dungeon Crawl Stone Soup version 0.16.1-51-g6203257 (webtiles) character file.

155 kae the Firebug (level 5, 0/28 HPs)
             Began as a Tengu Fire Elementalist on July 3, 2015.
             Was an Initiate of Vehumet.
             Killed from afar by Sigmund (12 damage)
             ... with a puff of flame
             ... on level 3 of the Dungeon.
             The game lasted 00:05:20 (3430 turns).

kae the Firebug (Tengu Fire Elementalist)           Turns: 3430, Time: 00:05:20

Health: 0/28       AC:  3    Str:  8    XL:     5   Next: 37%
Magic:  5/11       EV: 13    Int: 22    God:    Vehumet [......]
Gold:   128        SH:  0    Dex: 18    Spells: 3 memorised, 3 levels left

rFire  . . .     SeeInvis .     a - +3 whip (venom)
rCold  . . .     Clarity  .     j - +0 robe
rNeg   + . .     SustAb   .     (no shield)
rPois  .         Gourm    .     (helmet restricted)
rElec  .         Spirit   .     (no cloak)
rCorr  .         Warding  +     n - +0 pair of gloves
rMut   .         Stasis   .     (boots unavailable)
MR     .....                    p - amulet of warding
Stlth  ++........               f - +4 ring of dexterity
                                e - +5 ring of intelligence

@: very slightly contaminated, invisible, not resistant to hostile enchantments,
unstealthy
A: able to fly, beak, talons 3
a: Fly, Renounce Religion


You were on level 3 of the Dungeon.
You worshipped Vehumet.
Vehumet was noncommittal.
You were very hungry.

You visited 1 branch of the dungeon, and saw 3 of its levels.

You collected 128 gold pieces.

Inventory:

Hand weapons
 a - a +3 whip of venom (weapon)
 b - a +0 spear
 d - a +0 short sword
Armour
 j - a +0 robe (worn)
 n - a +0 pair of gloves (worn)
Jewellery
 e - a +5 ring of intelligence (left hand)
 f - a +4 ring of dexterity (right hand)
 p - an amulet of warding (around neck)
 q - an uncursed ring of stealth
Potions
 g - 2 potions of curing {unknown}
 i - 2 potions of restore abilities {unknown}
 k - 2 potions of heal wounds {unknown}
 m - 2 potions of resistance {unknown}
 s - a potion of poison {unknown}
 u - a potion of might {unknown}
Books
 v - a book of Flames

   Spells                             Type                      Level
   a - Flame Tongue                   Conjuration/Fire             1
   b - Throw Flame                    Conjuration/Fire             2
   c - Conjure Flame                  Conjuration/Fire             3
   d - Inner Flame                    Hexes/Fire                   3
   e - Sticky Flame                   Conjuration/Fire             4
   f - Fireball                       Conjuration/Fire             5
Comestibles
 c - 4 bread rations
 l - 4 fruits


   Skills:
 - Level 2.1 Dodging
 - Level 2.0 Stealth
 + Level 2.7 Spellcasting
 * Level 4.5 Conjurations
 * Level 4.6 Fire Magic


You had 3 spell levels left.
You knew the following spells:

 Your Spells              Type           Power        Failure   Level  Hunger
a - Flame Tongue          Conj/Fire      ###..        1%          1    None
b - Throw Flame           Conj/Fire      ###...       3%          2    ##.....
c - Conjure Flame         Conj/Fire      ###.....     8%          3    ###....


Dungeon Overview and Level Annotations

Branches:
Dungeon (3/15)

Altars:
Vehumet

Annotations:
D:3 Grinder, Sigmund


Innate Abilities, Weirdness & Mutations

You can fly.
You have a beak for a mouth.
You have claws for feet.


Message History

Aim: Sigmund, wielding a scythe and wearing a robe (hasn't noticed you)
The puff of flame misses Sigmund.
Casting: Throw Flame
Confirm with . or Enter, or press ? or * to list all spells.
Aiming: Throw Flame
Press: ? - help, Shift-Dir - straight line, f/p - Sigmund
Aim: Sigmund, wielding a scythe and wearing a robe (hasn't noticed you)
The puff of flame hits Sigmund.
Sigmund is moderately wounded.
Sigmund gestures at you while chanting. You resist with some effort.
Casting: Throw Flame
Confirm with . or Enter, or press ? or * to list all spells.
Aiming: Throw Flame
Press: ? - help, Shift-Dir - straight line, f/p - Sigmund
Aim: Sigmund, wielding a scythe and wearing a robe (moderately wounded)
The puff of flame misses Sigmund.
Sigmund gestures at you while chanting. The puff of flame hits you!
You die...

#.# #>## #...........###..#** #.#
#..# ###.......#..# *#...$ #>#
##.###......####..##*#####
##[######..#@......## #...##....#
#.[(......(....(..(.# #.#.#..##.#
#...................###.....##...
#................................
#...................###.#........
#...............@...###.........#
#..........#.......#.....)......#
####.#####.......................
#.## #...............##......
#..# ##.....................##
##<###..............รท..#.#....
###)..............#####........
#................## ##....<..
##...............### ####....


You could see Sigmund.

Vanquished Creatures
  An orc wizard (D:3)
  Jessica (D:2)
  5 adders
  3 worms
  2 giant geckos (D:3)
  An ooze (D:2)
  2 orcs (D:3)
  2 giant cockroaches (D:3)
  6 goblins
  3 hobgoblins
  9 kobolds
  5 bats
  2 giant newts (D:2)
  7 rats
49 creatures vanquished.

Vanquished Creatures (others)
  A quokka (D:2)
1 creature vanquished.

Grand Total: 50 creatures vanquished

Notes
Turn   | Place    | Note
--------------------------------------------------------------
     0 | D:1      | kae, the Tengu Fire Elementalist, began the quest for the Orb.
     0 | D:1      | Reached XP level 1. HP: 10/10 MP: 3/3
   442 | D:1      | Reached XP level 2. HP: 10/15 MP: 3/5
  1018 | D:2      | Reached XP level 3. HP: 19/19 MP: 7/7
  1056 | D:2      | Reached skill level 4 in Fire Magic
  1088 | D:2      | Noticed Jessica
  1154 | D:2      | Killed Jessica
  1262 | D:2      | Reached XP level 4. HP: 24/24 MP: 8/8
  1265 | D:2      | Found a radiant altar of Vehumet.
  1280 | D:2      | Became a worshipper of Vehumet
  2032 | D:3      | Noticed Grinder
  2328 | D:3      | Reached XP level 5. HP: 17/28 MP: 9/11
  2340 | D:3      | Learned a level 2 spell: Throw Flame
  2344 | D:3      | Learned a level 3 spell: Conjure Flame
  2375 | D:3      | Noticed Sigmund
  3430 | D:3      | Killed from afar by Sigmund

Action                   |  1- 3 |  4- 6 || total
-------------------------+-------+-------++-------
Melee: Short sword       |     9 |       ||     9
       Whip              |    27 |    34 ||    61
 Cast: Flame Tongue      |    23 |    32 ||    55
       Throw Flame       |       |     9 ||     9
       Conjure Flame     |       |     1 ||     1
  Use: Scroll            |     1 |     5 ||     6
       Potion            |       |     1 ||     1
 Stab: Sleeping          |     2 |     4 ||     6
  Eat: Chunk             |     1 |     4 ||     5
       Fruit             |       |     3 ||     3
